 Dungeon Crawl Stone Soup version 0.25-a0-1119-g28b6fd0c3b (webtiles) character file.

Game seed: 13557377417522993646, levelgen mode: deterministic

8025 HoaS the Grappler (level 11, -3/74 HPs)
             Began as a Gargoyle Berserker on May 17, 2020.
             Was an Elder of Trog.
             Killed from afar by a smoke demon (13 damage)
             ... with a ball of steam
             ... summoned by a shadow demon
             ... on level 1 of the Abyss.
             The game lasted 00:26:03 (9544 turns).

HoaS the Grappler (Gargoyle Berserker)              Turns: 9544, Time: 00:26:03

Health: -3/74      AC: 19    Str: 23    XL:     11   Next: 24%
Magic:  11/11      EV:  8    Int: 11    God:    Trog [****..]
Gold:   281        SH:  5    Dex:  5    Spells: 10/10 levels left

rFire    . . .     SeeInvis .     - Unarmed
rCold    . . .     Gourm    .   (no shield)
rNeg     + . .     Faith    .   f - +0 chain mail
rPois    ∞         Spirit   .   (no helmet)
rElec    +         Reflect  +   a - +0 cloak
rCorr    .         Harm     .   t - +1 pair of gloves
MR       .....                  (no boots)
Stlth    ..........             r - amulet of reflection
HPRegen  0.22/turn              u - +6 ring of intelligence
MPRegen  0.12/turn              (no ring)

@: about to teleport, berserk cooldown, slowed, very slow
A: [blurry vision 2], [clumsy 2], [dopey 2], negative energy resistance 1,
[screaming 2], electricity resistance, unbreathing, petrification resistance,
rot immunity, AC +8
a: Berserk, Trog's Hand, Brothers in Arms, Renounce Religion


You were on level 1 of the Abyss.
You worshipped Trog.
Trog was greatly pleased with you.
You were near starving.

You visited 1 branch of the dungeon, and saw 8 of its levels.
You visited the Abyss 1 time.
You also visited: Ossuary.

You collected 473 gold pieces.
You spent 192 gold pieces at shops.

Inventory:

Hand Weapons
 w - a +2 shortbow of freezing
Missiles
 n - 160 arrows (quivered)
Armour
 a - a +0 cloak (worn)
 f - a +0 chain mail (worn)
 t - a +1 pair of gloves (worn)
Jewellery
 r - an amulet of reflection (around neck)
 u - a +6 ring of intelligence (left hand)
Wands
 c - a wand of flame (28)
 h - a wand of disintegration (15)
 v - a wand of enslavement (6)
 x - a wand of digging (4)
 y - a wand of paralysis (9)
 A - a wand of polymorph (5)
Scrolls
 d - 4 scrolls of identify
 g - 3 scrolls of remove curse
 i - 9 scrolls of teleportation
 p - 3 scrolls of blinking
Potions
 e - a potion of might
 j - 4 potions of curing
 k - a potion of flight
 l - 3 potions of berserk rage
 m - a potion of resistance
 o - 2 potions of mutation {unknown}
 q - 3 potions of lignification
 s - 4 potions of haste
 z - 3 potions of invisibility
 B - a potion of heal wounds
Comestibles
 b - 18 rations


   Skills:
 + Level 11.1 Fighting
 + Level 8.3 Bows
 - Level 2.1 Armour
 - Level 1.5 Dodging
 + Level 11.5 Unarmed Combat


You had 10 spell levels left.
You didn't know any spells.
Your spell library was empty.

Dungeon Overview and Level Annotations

Branches:
Dungeon (8/15)             Temple (0/1) D:4            Lair (0/6) D:8
Ossuary (visited)

Altars:
Ashenzari
Elyvilon
Fedhas
Qazlal
Ru
Sif Muna
Trog
Uskayaw

Shops:
D:6 (   D:7 *

Annotations:
D:8 Sigmund


Innate Abilities, Weirdness & Mutations

You are resistant to torment.
Your stone body is resilient. (AC +8)
You are immune to poison.
You resist negative energy. (rN+)
You are resistant to electric shocks. (rElec)
You can survive without breathing.
You are immune to petrification.
You are immune to rotting.
[Scrolls take you longer to read.]
[You are very clumsy. (Dex -4)]
[You are very dopey. (Int -4)]
[You sometimes yell uncontrollably at your foes.]


Message History

The wretched star pulses with an eldritch light!
You feel stupid. x2; You feel the urge to shout.
You feel a strong urge to yell.
The wretched star pulses with an eldritch light!
Your vision blurs. x2; You feel clumsy. x2
You yell at the neqoxec!
A neqoxec comes into view.
You hear a chilling moan.
You hear a shout!
You hear a roar!
A small abomination comes into view.
The neqoxec gestures.
The smoke demon gestures at you. Something smites you!
* * * LOW HITPOINT WARNING * * *
An eidolon comes into view.
The crimson imp blinks!
The smoke demon gestures at you.
The sticky flame reflects off an invisible shield around you!
The sticky flame hits the smoke demon.
The smoke demon completely resists.
The smoke demon gestures at you. The ball of steam hits you!
You die...

... ... .... . . .. .
.§..............
(....#.......... ...
...§.#.....§..§.. ..#.
...§§.§.§..§§§§... .§
......#§....§#§.!.. .
.##....§....§.§x§.... #
.§......##.§##....#...
# ##
#...#.§.@..5.3.§...
#....#.§......5....
..###..§§.§.3§.§..§#...
# #......§..#2#.§.5..#
#. ###.3.*.>..(§...§.
.#§.....#....(§.... #
##.....W......§.§.. .
....(...§§.§..#§....
...#.W........§.....


You could see an eidolon, a wretched star (summoned), a sun demon (summoned), a
shadow demon, a smoke demon (summoned), a neqoxec, a small abomination, a quasit
(summoned), a crimson imp (summoned) and an ufetubus (summoned).

Vanquished Creatures
  3 death yaks (D:7)
  A thrashing horror (Abyss:1)
  Joseph (D:7)
  A hellwing (Abyss:1)
  A large abomination (Abyss:1)
  A hippogriff (D:7)
  A raiju (Abyss:1)
  A spriggan (D:7)
  2 yaks (D:7)
  3 wraiths
  A hungry ghost (D:8)
  A water moccasin (D:8)
  An ice beast (D:8)
  3 sky beasts
  An ogre (D:7)
  A necrophage (D:6)
  4 centaurs
  A crocodile (D:8)
  6 bullfrogs
  A wyvern skeleton (D:3)
  14 killer bees (D:7)
  5 wights
  A howler monkey (D:7)
  6 crimson imps
  A bullfrog zombie (D:5)
  2 centaur skeletons (D:4)
  A bullfrog skeleton (D:7)
  An orc priest (D:4)
  A gnoll shaman (D:7)
  An orc wizard (D:4)
  Jessica (D:4)
  2 iguanas
  3 worker ants
  4 small abominations (Abyss:1)
  9 gnolls (D:7)
  11 adders
  A shadow imp (D:5)
  An ooze (D:5)
  3 adder zombies
  2 adder skeletons
  3 worms
  3 dart slugs
  5 leopard geckos
  8 orcs
  8 giant cockroaches
  12 goblins
  13 hobgoblins
  9 jackals
  12 kobolds
  5 quokkas
  A ball python skeleton (Ossuary)
  6 bats
  10 frilled lizards
  3 hobgoblin skeletons (Ossuary)
  A hobgoblin zombie (Ossuary)
  2 jackal skeletons
  A leopard gecko zombie (D:5)
  3 orc zombies (Ossuary)
  A quokka skeleton (D:6)
  9 rats
220 creatures vanquished.

Notes
Turn   | Place    | Note
-------+----------+-------------------------------------------
     0 | D:1      | HoaS the Gargoyle Berserker began the quest for the Orb.
     0 | D:1      | Reached XP level 1. HP: 14/14 MP: 1/1
   146 | D:1      | Reached XP level 2. HP: 10/19 MP: 2/2
   773 | D:1      | Reached XP level 3. HP: 24/24 MP: 3/3
  1299 | D:2      | Reached ** piety under Trog
  1614 | D:2      | Reached XP level 4. HP: 29/29 MP: 4/4
  1925 | D:2      | Found a blossoming altar of Fedhas.
  2112 | D:3      | Found a white marble altar of Elyvilon.
  2159 | D:3      | Noticed a bullfrog
  2174 | D:3      | Killed a bullfrog
  2174 | D:3      | Reached skill level 5 in Unarmed Combat
  2174 | D:3      | Reached XP level 5. HP: 25/34 MP: 5/5
  2516 | D:3      | Reached XP level 6. HP: 40/40 MP: 6/6
  2597 | D:3      | Found a bloodstained altar of Trog.
  2807 | D:3      | Reached *** piety under Trog
  2915 | D:3      | Reached skill level 5 in Fighting
  3095 | D:4      | Found a shattered altar of Ashenzari.
  3107 | D:4      | Found a staircase to the Ecumenical Temple.
  3183 | D:4      | Found a sand-covered staircase.
  3187 | Ossuary  | Entered an ossuary
  3286 | Ossuary  | Noticed a wraith
  3286 | Ossuary  | Noticed a flying skull
  3292 | Ossuary  | Noticed a flying skull
  3310 | Ossuary  | Noticed a flying skull
  3327 | Ossuary  | Noticed a wraith
  3339 | Ossuary  | Killed a wraith
  3339 | Ossuary  | Reached XP level 7. HP: 35/44 MP: 7/7
  3500 | Ossuary  | Noticed a wraith
  3517 | Ossuary  | Killed a wraith
  3626 | D:4      | Found a hide-covered altar of Uskayaw.
  3626 | D:4      | Noticed a +0 hand axe
  3627 | D:4      | Noticed a +0 hand axe
  4592 | D:4      | Noticed Jessica
  4595 | D:4      | Killed Jessica
  4595 | D:4      | Reached XP level 8. HP: 52/52 MP: 8/8
  4601 | D:4      | Found a shimmering blue altar of Sif Muna.
  4764 | D:5      | Entered Level 5 of the Dungeon
  4764 | D:5      | Found a stormy altar of Qazlal.
  4841 | D:5      | Reached **** piety under Trog
  5079 | D:5      | Reached skill level 1 in Bows
  5904 | D:6      | Found Wuegracy's Antique Weapon Shop.
  5925 | D:6      | Bought a runed shortbow for 192 gold pieces
  5963 | D:6      | Reached XP level 9. HP: 50/58 MP: 9/9
  6961 | D:7      | Reached skill level 5 in Bows
  7275 | D:7      | Found Idikkar's Assorted Antiques.
  7286 | D:7      | Noticed Joseph
  7328 | D:7      | Killed Joseph
  7328 | D:7      | Reached skill level 10 in Unarmed Combat
  7328 | D:7      | Reached XP level 10. HP: 46/66 MP: 10/10
  7687 | D:7      | Found a sacrificial altar of Ru.
  8363 | D:8      | Noticed a death yak
  8366 | D:8      | Noticed a death yak
  8395 | D:7      | Killed a death yak
  8395 | D:7      | Reached skill level 10 in Fighting
  8557 | D:8      | Noticed a death yak
  8717 | D:7      | Killed a death yak
  8725 | D:7      | Killed a death yak
  8963 | D:8      | Found a staircase to the Lair.
  9171 | D:8      | Reached XP level 11. HP: 67/73 MP: 11/11
  9331 | D:8      | Noticed Sigmund
  9334 | D:8      | Cast into level 1 of the Abyss (Sigmund)
  9517 | Abyss:1  | Noticed a thrashing horror
  9533 | Abyss:1  | Killed a thrashing horror
  9534 | Abyss:1  | Noticed a shadow demon
  9538 | Abyss:1  | Noticed a sun demon
  9539 | Abyss:1  | Noticed a wretched star
  9542 | Abyss:1  | Noticed an eidolon
  9544 | Abyss:1  | Killed from afar by a smoke demon

Illustrated notes

Levels and vault maps discovered:
D:1:      roderic_octagonal_star, layout_loops_ring, minmay_pentomino_v4
D:2:      layout_rooms, fedhas_altar_2, serial_curves, eino_curves_03,
          eino_curves_01, first_ration, minmay_distorted
D:3:      layout_basic, elyvilon_altar_4, bloody_trog
D:4:      corexii_shack_village, layout_cave_pods, dancing_weapons_uskayaw,
          lemuel_crystal_altar, minmay_temple_entry_stoned_glass, serial_glass,
          glass_columns_c, glass_columns_a, enter_ossuary_5, tgw_sif
D:5:      layout_layer_cave, overflow_temple_1_default
D:6:      layout_basic, serial_shops, nicolae_shop_crystal
D:7:      layout_basic, nicolae_ru_path_of_blood, serial_glass, glass_columns_b,
          glass_columns_c, serial_shops, nicolae_shop_stone, the_bakery,
          uniq_joseph
D:8:      layout_loops_cross, dpeg_lair_monsters, sigmund_army
Abyss:1:  hangedman_abyss_stitches_cave, hangedman_abyss_stitches_cave

Skill      XL: |  1  2  3  4  5  6  7  8  9 10 11 |
---------------+----------------------------------+-----
Unarmed Combat | 4 5 6 7 9 10 11 | 11.5
Fighting       | 4 5 6 7 9 10 11 | 11.1
Bows           | 3 5 7 8 |  8.3
Armour         | |  2.1
Dodging        | |  1.5

Action                   |  1- 3 |  4- 6 |  7- 9 | 10-12 || total
-------------------------+-------+-------+-------+-------++-------
Melee: Unarmed           |   163 |   235 |   379 |   183 ||   960
       Punch             |     1 |     4 |    11 |     5 ||    21
 Fire: Shortbow          |       |       |    50 |    56 ||   106
Invok: Berserk           |       |     1 |       |     4 ||     5
       Brothers in Arms  |       |       |       |     1 ||     1
       Trog's Hand       |       |       |       |     1 ||     1
Evoke: Wand              |       |       |     2 |       ||     2
  Use: Scroll            |       |     4 |    20 |     1 ||    25
  Eat: Chunk             |     2 |     7 |    13 |     7 ||    29
       Ration            |       |       |       |     1 ||     1
Armor: Animal skin       |    12 |       |       |       ||    12
       Scale mail        |    39 |    96 |    49 |       ||   184
       Ring mail         |     5 |       |       |       ||     5
       Chain mail        |       |       |   176 |    97 ||   273
Dodge: Dodged            |    85 |   106 |   113 |    56 ||   360
Block: Other             |       |     3 |    89 |    31 ||   123
       Reflection        |       |       |     6 |     1 ||     7

Table legend:
 A = Non-vault XP
 B = Vault XP
 C = Vault XP percentage of total XP
 D = Non-vault monster count
 E = Vault monster count
 F = Vault count percentage of total count
                 A         B        C        D         E       F
            +---------+---------+-------+---------+---------+-------
      Total |    7268 |    4197 |  36.6 |     184 |      36 |  16.4
            +---------+---------+-------+---------+---------+-------
        D:1 |      43 |       2 |   4.4 |      28 |       2 |   6.7
        D:2 |      71 |       1 |   1.4 |      25 |       1 |   3.8
        D:3 |     263 |       0 |   0.0 |      29 |       0 |   0.0
        D:4 |     260 |      60 |  18.8 |      16 |      12 |  42.9
        D:5 |     741 |       0 |   0.0 |      16 |       0 |   0.0
        D:6 |     997 |       0 |   0.0 |      16 |       0 |   0.0
        D:7 |    1891 |    3609 |  65.6 |      36 |       7 |  16.3
        D:8 |     814 |       0 |   0.0 |      10 |       0 |   0.0
    Abyss:1 |    2188 |       0 |   0.0 |       8 |       0 |   0.0
    Ossuary |       0 |     525 | 100.0 |       0 |      14 | 100.0
            +---------+---------+-------+---------+---------+-------
